 Dungeon Crawl Stone Soup version 0.20-a0-256-gabb291d (webtiles) character file.

11594 nubinia the Thaumaturge (level 11, 0/57 HPs)
             Began as a Deep Elf Wizard on Nov 30, 2016.
             Was a High Priest of Sif Muna.
             Slain by a white ugly thing (2 damage)
             ... on level 11 of the Dungeon on Dec 1, 2016.
             The game lasted 01:35:02 (14257 turns).

nubinia the Thaumaturge (Deep Elf Wizard)          Turns: 14257, Time: 01:35:03

Health: 0/57       AC: 14    Str:  7      XL:     11   Next: 51%
Magic:  29/30      EV: 13    Int: 32      God:    Sif Muna [*****.]
Gold:   666        SH:  0    Dex: 12 (13) Spells: 16/36 levels left

rFire  + + .     SeeInvis .     a - +0 dagger (venom)
rCold  . . .     Gourm    +     X - +3 leather armour {rF+}
rNeg   . . .     Faith    .     (no shield)
rPois  .         Spirit   .     k - +2 helmet
rElec  .         Reflect  .     n - +1 cloak
rCorr  .         Harm     .     (no gloves)
MR     +....                    K - +2 pair of boots of the Assassin {DetectMon Stab+ Stlth++}
Stlth  +++++.....               v - amulet of the gourmand
                                S - +3 ring of strength
                                y - ring of protection from fire

@: brilliant, repel missiles, divine energy
A: blurry vision 2, subdued magic 1
a: Stop Divine Energy, Channel Magic, Forget Spell, Renounce Religion


You were on level 11 of the Dungeon.
You worshipped Sif Muna.
Sif Muna was extremely pleased with you.
You were full.

You visited 2 branches of the dungeon, and saw 12 of its levels.
You also visited: Sewer and Ossuary.

You collected 756 gold pieces.
You spent 90 gold pieces at shops.

Inventory:

Hand Weapons
 a - a +0 dagger of venom (weapon)
 b - a +2 shortbow of flaming
 f - a +0 short sword
 j - a +0 rapier
 B - a +0 blowgun
 P - a -2 shortbow
Missiles
 l - 93 arrows
 x - 42 poisoned needles
Armour
 c - a +0 robe of cold resistance
 k - a +2 helmet (worn)
 m - a +0 buckler
 n - a +1 cloak (worn)
 F - a +2 robe
 K - the +2 pair of boots of the Assassin (worn) {DetectMon Stab+ Stlth++}
   (You acquired it on level 10 of the Dungeon)

   It makes you much more stealthy.
 V - a +0 troll leather armour
 X - a +3 leather armour of fire resistance (worn)
Jewellery
 v - an amulet of the gourmand (around neck)
 y - a ring of protection from fire (left hand)
 N - an uncursed ring of fire
 S - a +3 ring of strength (right hand)
 W - an uncursed ring of magical power {unknown}
Wands
 s - a wand of confusion (26/48)
 E - a wand of slowing (28/48)
 L - a wand of slowing (30/48)
 M - a wand of slowing (38/48)
 O - a wand of disintegration (14/24)
 Q - a wand of lightning (12/15)
 T - a wand of paralysis (2/24)
Scrolls
 h - a scroll of fog
 p - a scroll of remove curse
 t - 2 scrolls of blinking
 D - a scroll of immolation
 J - 4 scrolls of enchant armour
 Y - a scroll of magic mapping
Potions
 e - 5 potions of curing
 q - a potion of haste
 r - a potion of mutation
 u - a potion of lignification
 w - 2 potions of heal wounds
 z - 3 potions of brilliance
 A - a potion of magic
 G - a potion of agility
 H - a potion of might
 I - a potion of berserk rage
 R - a potion of cancellation
Books
 U - Sif Muna's Catalogue of the Igneous Oath
   (Sif Muna gifted it to you on level 10 of the Dungeon)

   Spells                             Type                      Level
   a - Conjure Flame                  Conjuration/Fire             3
   b - Ignite Poison                  Fire/Transmutation/Poison    3
   c - Sticky Flame                   Conjuration/Fire             4
   d - Summon Mana Viper              Hexes/Summoning              5
   e - Bolt of Fire                   Conjuration/Fire             6
Comestibles
 d - 5 bread rations
 g - 3 meat rations
 i - 10 slices of pizza
 o - 2 beef jerkies
 C - 16 fruits


   Skills:
 + Level 2.0 Fighting
 + Level 3.1 Short Blades
 + Level 4.0 Bows
 + Level 1.6 Throwing
 + Level 0.7 Armour
 + Level 4.3 Dodging
 + Level 6.3 Stealth
 + Level 0.5 Shields
 * Level 13.0 Spellcasting
 * Level 8.9 Conjurations
 * Level 6.8 Charms
 - Level 1.9 Summonings
 * Level 6.0 Necromancy
 * Level 5.5 Translocations
 * Level 5.3 Fire Magic
 - Level 0.6 Air Magic
 - Level 1.3 Poison Magic
 + Level 1.0 Invocations


You had 16 spell levels left.
You knew the following spells:

 Your Spells              Type           Power        Failure   Level  Hunger
a - Magic Dart            Conj           ####         1%          1    None
b - Blink                 Tloc           N/A          1%          2    None
c - Mephitic Cloud        Conj/Pois/Air  #####...     1%          3    None
d - Conjure Flame         Conj/Fire      ######..     1%          3    None
e - Apportation           Tloc           ######....   1%          1    None
f - Summon Small Mammal   Summ           ####         1%          1    None
g - Sticky Flame          Conj/Fire      ######..     1%          4    None
i - Call Imp              Summ           #####...     1%          2    None
r - Repel Missiles        Chrm/Air       #####.       1%          2    None
S - Animate Skeleton      Necr           N/A          1%          1    None


Dungeon Overview and Level Annotations

Branches:
Dungeon (11/15)            Temple (1/1) D:5            Lair (0/6) D:10
    Orc: D:9-12

Altars:
Ashenzari
Cheibriados
Dithmenos
Elyvilon
Fedhas
Gozag
Hepliaklqana
Kikubaaqudgha
Makhleb
Nemelex Xobeh
Okawaru
Qazlal
Ru
Sif Muna
Trog
Uskayaw
Vehumet
Xom
Yredelemnul
Zin
The Shining One

Shops:
D:5 *

Annotations:
D:7 Xiguana's ghost, novice DgWz
D:10 exclusions: oklob plant and 1 more exclusion


Innate Abilities, Weirdness & Mutations

Scrolls take you longer to read.
Your spells are a little easier to cast, but a little less powerful.


Message History

You hear a bark! x4
Casting: Blink
Confirm with . or Enter, or press ? or * to list all spells.
You blink.
Quiver which item? (- for none, * to show all) (? for menu, Esc to quit)
Okay, then.
Are you sure you want to abandon this character and quit the game? (Confirm with "yes".)
Okay, then.
Evoke which item? (* to show all) (? for menu, Esc to quit)
Okay, then.
It was a potion of brilliance.
You feel clever all of a sudden.
It was a potion of mutation.
You feel extremely strange.
Your connection to magic feels subdued.
Your vision blurs. x2
Really read with blurry vision while enemies are nearby? [Y]es or [N]o only, please.
Really read with blurry vision while enemies are nearby?
The worker ant waves its antennae.
The white ugly thing headbutts you.
You die...

##.# .. #... .
#.5# ....# ####..#
#.#.# ###.....#
####...###...###..
#.......##.#'#####
#.W.(.......$.#
#@u.....##.5..#
#.ha....##...)#
#....C..##..%.#
#(..z..5##{...#
#......5...5...#
#...####...5...#
#...# #.......#
#...# #####...####
#. #.......#


You could see a white ugly thing, a skeletal warrior, a hill giant, a wraith, a
howler monkey, a worker ant, a crimson imp and a shadow imp.

Vanquished Creatures
  Erica (D:8)
  A hydra (D:9)
  The ghost of Soeti the Contemplative, a novice DsFi of Cheibriados (D:9)
  A skeletal warrior (D:10)
  A hill giant (D:10)
  A manticore (D:10)
  Joseph (D:10)
  2 trolls (D:9)
  3 two-headed ogres
  A meliai zombie (D:10)
  2 dream sheep (D:9)
  4 hippogriffs
  4 yaks
  An orc warrior (D:8)
  2 sky beasts
  2 black bears (D:9)
  2 phantoms
  2 ice beasts
  2 necrophages
  2 wolves (D:8)
  3 ogres
  5 centaurs
  An elf zombie (Ossuary)
  5 bullfrogs
  5 big kobolds
  A wyvern skeleton (D:7)
  2 scorpions
  16 killer bees
  3 howler monkeys
  6 crimson imps
  2 bullfrog zombies
  2 jellies
  5 hounds
  2 orc wizards
  Terence (D:2)
  4 iguanas
  A gnoll shaman (D:6)
  5 worker ants
  A big kobold zombie (Ossuary)
  A hound zombie (D:6)
  2 mummies (Ossuary)
  16 adders
  16 gnolls
  2 river rats
  6 oozes
  8 worms
  3 adder skeletons
  3 leopard geckos
  16 orcs
  7 bats
  9 giant cockroaches
  3 gnoll zombies (Ossuary)
  5 goblins
  7 hobgoblins
  9 jackals
  2 quokkas
  6 ball pythons
  9 frilled lizards
  4 goblin zombies (Ossuary)
  3 hobgoblin zombies (Ossuary)
  11 kobolds
  2 orc zombies (Ossuary)
  2 quokka zombies
  13 rats
271 creatures vanquished.

Vanquished Creatures (collateral kills)
  A hill giant (D:10)
  Psyche (D:9)
  Grum (D:8)
  2 yaks
  An ogre (D:9)
  A big kobold (D:9)
  A bullfrog (D:8)
  2 killer bees (D:10)
  A hound (D:7)
  An iguana (D:10)
  2 gnolls (D:7)
  A shadow imp (D:10)
  An orc (D:8)
  A quokka skeleton (D:7)
17 creatures vanquished.

Grand Total: 288 creatures vanquished

Notes
Turn   | Place    | Note
-------+----------+-------------------------------------------
     0 | D:1      | nubinia the Deep Elf Wizard began the quest for the Orb.
     0 | D:1      | Reached XP level 1. HP: 10/10 MP: 7/7
   175 | D:1      | Reached skill level 5 in Spellcasting
   210 | D:1      | Reached XP level 2. HP: 15/15 MP: 7/10
   237 | D:1      | Learned a level 2 spell: Repel Missiles
   241 | D:1      | Learned a level 2 spell: Blink
   257 | D:1      | Learned a level 2 spell: Call Imp
   908 | D:1      | Reached XP level 3. HP: 19/19 MP: 10/12
   913 | D:1      | Learned a level 3 spell: Mephitic Cloud
   917 | D:1      | Learned a level 3 spell: Conjure Flame
  1327 | D:2      | Noticed Terence
  1678 | D:2      | Killed Terence
  1678 | D:2      | Reached skill level 6 in Spellcasting
  1678 | D:2      | Reached XP level 4. HP: 24/24 MP: 14/14
  2027 | D:2      | Noticed a moth of wrath
  2030 | D:2      | Found a bloodstained altar of Trog.
  2790 | D:3      | Reached skill level 1 in Short Blades
  3051 | D:3      | Reached XP level 5. HP: 28/28 MP: 7/15
  3805 | D:4      | Reached skill level 7 in Spellcasting
  3805 | D:4      | Reached XP level 6. HP: 29/32 MP: 6/18
  3865 | D:4      | Found a glowing drain.
  3902 | Sewer    | Entered a sewer
  4717 | Sewer    | Reached skill level 8 in Spellcasting
  4717 | Sewer    | Reached XP level 7. HP: 37/37 MP: 10/20
  5201 | D:4      | Reached skill level 5 in Conjurations
  5584 | D:5      | Entered Level 5 of the Dungeon
  5616 | D:5      | Found a sparkling altar of Nemelex Xobeh.
  5734 | D:5      | Reached skill level 1 in Fighting
  5912 | D:5      | Found a staircase to the Ecumenical Temple.
  5921 | Temple   | Entered the Ecumenical Temple
  6027 | Temple   | Became a worshipper of Sif Muna the Loreminder
  6348 | D:5      | Found Zaac's General Store.
  6366 | D:5      | Reached skill level 9 in Spellcasting
  6366 | D:5      | Reached XP level 8. HP: 43/43 MP: 13/23
  6435 | D:5      | Bought a potion of agility for 60 gold pieces
  6435 | D:5      | Bought a scroll of identify for 30 gold pieces
  6696 | D:5      | Reached skill level 1 in Charms
  6806 | D:6      | Reached skill level 1 in Fire Magic
  7120 | D:6      | Reached * piety under Sif Muna
  7361 | D:6      | Reached skill level 1 in Poison Magic
  7797 | D:7      | Learned a level 1 spell: Animate Skeleton
  8027 | D:7      | Reached skill level 1 in Necromancy
  8046 | D:7      | Noticed Xiguana's ghost (novice DgWz)
  8073 | D:7      | Noticed a hippogriff
  8086 | D:7      | Killed a hippogriff
  8086 | D:7      | Reached skill level 5 in Stealth
  8136 | D:7      | Reached XP level 9. HP: 41/47 MP: 12/24
  8257 | D:7      | Reached ** piety under Sif Muna
  8587 | D:7      | Reached skill level 10 in Spellcasting
  8659 | D:7      | Upgraded the game from 0.20-a0-251-g16a58bf to 0.20-a0-256-gabb291d
  8784 | D:8      | Found a sand-covered staircase.
  8861 | Ossuary  | Entered an ossuary
  9485 | D:8      | Learned a level 1 spell: Apportation
  9487 | D:8      | Learned a level 1 spell: Summon Small Mammal
  9868 | D:8      | Reached *** piety under Sif Muna
  9918 | D:8      | Noticed Erica
  9929 | D:8      | Reached skill level 11 in Spellcasting
  9951 | D:8      | Killed Erica
  9951 | D:8      | Reached XP level 10. HP: 45/52 MP: 5/27
 10343 | D:8      | Reached skill level 1 in Bows
 10596 | D:9      | Noticed Grum
 10605 | D:8      | Reached **** piety under Sif Muna
 10689 | D:8      | Killed Grum
 10919 | D:9      | Noticed Soeti's ghost (novice DsFi)
 11040 | D:9      | Killed Soeti's ghost
 11040 | D:9      | Reached skill level 12 in Spellcasting
 11040 | D:9      | Reached skill level 5 in Charms
 11309 | D:9      | Noticed Psyche
 11318 | D:9      | Killed Psyche
 11570 | D:9      | Reached skill level 1 in Invocations
 11726 | D:9      | Reached skill level 1 in Throwing
 11764 | D:9      | Reached skill level 5 in Necromancy
 11770 | D:9      | Noticed a three-headed hydra
 11802 | D:9      | Killed a three-headed hydra
 11931 | D:9      | Reached XP level 11. HP: 57/57 MP: 26/29
 12193 | D:9      | Reached skill level 5 in Translocations
 12242 | D:10     | Entered Level 10 of the Dungeon
 12243 | D:10     | Noticed Joseph
 12355 | D:10     | Noticed an oklob plant
 12473 | D:9      | Reached ***** piety under Sif Muna
 12486 | D:10     | Noticed a hill giant
 12532 | D:10     | Found a staircase to the Lair.
 12654 | D:10     | Noticed a hill giant
 12682 | D:10     | Killed a hill giant
 12682 | D:10     | Identified Sif Muna's Catalogue of the Igneous Oath (Sif Muna gifted it to you on level 10 of the Dungeon)
 12682 | D:10     | Received a gift from Sif Muna
 12682 | D:10     | Reached skill level 5 in Fire Magic
 12689 | D:10     | Learned a level 4 spell: Sticky Flame
 12767 | D:10     | Killed a hill giant
 13039 | D:10     | Identified a scroll of acquirement
 13182 | D:10     | Killed Joseph
 13820 | D:11     | Noticed a skeletal warrior
 13820 | D:11     | Noticed a skeletal warrior
 13820 | D:11     | Noticed a skeletal warrior
 13820 | D:11     | Noticed a skeletal warrior
 13865 | D:10     | Killed a skeletal warrior
 13865 | D:10     | Reached skill level 13 in Spellcasting
 14201 | D:11     | Noticed a hill giant
 14247 | D:11     | Noticed a white ugly thing
 14251 | D:11     | HP: 1/57 [howler monkey (4)]
 14256 | D:11     | Gained mutation: Your spells are a little easier to cast, but a little less powerful. [potion of mutation]
 14256 | D:11     | Gained mutation: Scrolls take you a little longer to read. [potion of mutation]
 14256 | D:11     | Gained mutation: Scrolls take you longer to read. [potion of mutation]
 14257 | D:11     | Slain by a white ugly thing

Vault maps used:
D:1:      dpeg_arrival_stonehenge_8_columns, serial_bayou_crossing
D:2:      tgw_trog, uniq_terence
D:4:      gup_sewer_entry_spiral
D:5:      lemuel_ice_spiral_2, first_bread, serial_shops, shop,
          nemelex_diamond_rough_becter
D:8:      enter_ossuary_1, uniq_erica
D:9:      hangedman_ranch, uniq_psyche, uniq_grum
D:10:     dpeg_oklobed_lair, uniq_joseph
D:11:     erik_orc_1, enter_bailey_2
Temple:   kilobyte_greek_temple
Sewer:    sewer_co_tree
Ossuary:  minmay_ossuary_gauntlet

Skill      XL: |  1  2  3  4  5  6  7  8  9 10 11 |
---------------+----------------------------------+-----
Spellcasting   | 5 6 7 8 9 11 12 13 | 13.0
Conjurations   | 2 3 4 5 6 7 8 |  8.9
Short Blades   | 1 2 3 |  3.1
Stealth        | 3 5 6 |  6.3
Dodging        | 3 4 |  4.3
Fighting       | 1 2 |  2.0
Charms         | 2 4 5 6 |  6.8
Fire Magic     | 2 3 4 5 |  5.3
Translocations | 2 3 4 5 |  5.5
Poison Magic   | 1 |  1.3
Necromancy     | 1 3 5 6 |  6.0
Bows           | 3 4 |  4.0
Invocations    | 1 |  1.0
Throwing       | 1 |  1.6
Armour         | |  0.7
Shields        | |  0.5
Summonings     | |  1.9
Air Magic      | |  0.6

Action                   |  1- 3 |  4- 6 |  7- 9 | 10-12 || total
-------------------------+-------+-------+-------+-------++-------
Melee: Short sword       |    22 |    14 |       |       ||    36
       Dagger            |       |    71 |   145 |   183 ||   399
       Rapier            |       |     4 |       |       ||     4
       Blowgun           |       |       |       |     1 ||     1
 Fire: Shortbow          |       |       |     6 |   179 ||   185
       Blowgun           |       |       |       |    35 ||    35
 Cast: Magic Dart        |    83 |   182 |   303 |   124 ||   692
       Repel Missiles    |     1 |       |     1 |     1 ||     3
       Mephitic Cloud    |     4 |     8 |    22 |    65 ||    99
       Blink             |       |       |     7 |    19 ||    26
       Conjure Flame     |       |       |     4 |    16 ||    20
       Animate Skeleton  |       |       |     7 |    28 ||    35
       Summon Small Mamm |       |       |       |     4 ||     4
       Call Imp          |       |       |       |     3 ||     3
       Sticky Flame      |       |       |       |     1 ||     1
Invok: Divine Energy     |       |       |     1 |       ||     1
       Channel Magic     |       |       |       |     1 ||     1
Evoke: Wand              |       |       |       |     1 ||     1
  Use: Potion            |     1 |       |       |     3 ||     4
       Scroll            |     1 |     5 |    10 |     7 ||    23
 Stab: Sleeping          |     4 |     2 |    12 |     4 ||    22
       Confused          |     1 |     2 |    11 |    11 ||    25
       Distracted        |       |       |     1 |     1 ||     2
  Eat: Chunk             |     2 |    12 |    23 |    13 ||    50
Armor: Robe              |     1 |    21 |    29 |     8 ||    59
       Leather armour    |       |       |       |    51 ||    51
       Troll leather arm |       |       |       |    32 ||    32
Dodge: Dodged            |     7 |    33 |    88 |   186 ||   314
       Deflected         |       |       |     1 |     3 ||     4
Block: Buckler           |       |    13 |       |       ||    13
